 Dungeon Crawl Stone Soup version 0.24-a0-520-g8fd06ad0bc (webtiles) character file.

Game seed: 9250046195610875580

4569 CoolPlay the Blocker (level 10, -1/91 HPs)
             Began as a Minotaur Fighter on July 25, 2019.
             Was an Initiate of Gozag.
             Slain by a komodo dragon (21 damage)
             ... on level 6 of the Lair of Beasts.
             The game lasted 00:21:38 (6945 turns).

CoolPlay the Blocker (Minotaur Fighter)             Turns: 6945, Time: 00:21:39

Health: -1/91      AC: 16    Str: 25    XL:     10   Next: 18%
Magic:  13/13      EV: 12    Int:  5    God:    Gozag
Gold:   99         SH: 12    Dex: 12    Spells: 9/9 levels left

rFire    . . .     SeeInvis .   a - +0 rapier (elec)
rCold    . . .     Gourm    .   c - +0 shield
rNeg     . . .     Faith    .   G - +3 chain mail
rPois    .         Spirit   .   s - +0 hat
rElec    .         Reflect  .   (no cloak)
rCorr    .         Harm     .   w - +2 pair of gloves
MR       +....                  (no boots)
Stlth    ..........             (no amulet)
HPRegen  0.25/turn              (no ring)
MPRegen  0.13/turn              (no ring)

@: agile, gold aura, very slightly contaminated
A: retaliatory headbutt, horns 2, clumsy 1, magic resistance 1, shaggy fur 1,
wild magic 1
a: Potion Petition, Call Merchant, Bribe Branch, Renounce Religion


You were on level 6 of the Lair of Beasts.
You worshipped Gozag.
Gozag was noncommittal.
You were full.

You visited 3 branches of the dungeon, and saw 15 of its levels.

You collected 825 gold pieces.
You spent 132 gold pieces at shops.
You paid 594 gold pieces to Gozag.

Inventory:

Hand Weapons
 a - a +0 rapier of electrocution (weapon)
 j - a +0 dagger
 m - a +0 mace of protection
 u - the +1 battleaxe of Profit {flame, -Tele Str+2 Stlth+}
   (You found it on level 5 of the Dungeon)

   It has been specially enchanted to burn those struck by it, causing extra
   injury to most foes and up to half again as much damage against particularly
   susceptible opponents.
   Big, fiery blades are also staple armaments of hydra-hunters.
   It affects your strength (+2).
   It prevents most forms of teleportation.
   It makes you more stealthy.
 z - a +1 falchion of slicing
 C - a +1 antimagic spear
 E - a +3 battleaxe of flaming
 I - a +0 flail of venom
 N - a +0 spear of venom
Missiles
 b - a curare-tipped dart (quivered)
 n - 225 stones
 o - 25 sling bullets
 t - a throwing net
Armour
 c - a +0 shield (worn)
 g - a +0 chain mail
 s - a +0 hat (worn)
 w - a +2 pair of gloves (worn)
 G - a +3 chain mail (worn)
 K - a +0 ring mail of cold resistance
Wands
 A - a wand of polymorph (3)
 H - a wand of random effects (14)
Scrolls
 e - 5 scrolls of teleportation
 k - 2 scrolls of amnesia
 p - a scroll of remove curse
 x - 2 scrolls of fog
 M - a scroll of blinking {unknown}
Potions
 h - a potion of ambrosia
 l - a potion of magic
 q - a potion of flight
 r - 2 potions of brilliance
 v - 2 potions of cancellation
 B - a potion of curing
Comestibles
 f - 8 rations


   Skills:
 + Level 9.1 Fighting
 * Level 8.7(8.8) Short Blades
 - Level 2.1(6.3) Long Blades
 - Level 5.6 Maces & Flails
 - Level 3.6 Armour
 + Level 9.1 Shields
 * Level 5.6 Evocations


You had 9 spell levels left.
You didn't know any spells.
Your spell library contained the following spells:

 Spells                   Type           Power        Failure   Level  Hunger
 Confusing Touch          Hex            #.....       100%        1    ##.....
 Corona                   Hex            #......      100%        1    ##.....
 Ensorcelled Hibernation  Hex/Ice        #.....       100%        2    ###....
 Confuse                  Hex            #.......     100%        3    ####...
 Dazzling Spray           Conj/Hex       #.....       100%        3    ####...
 Gell's Gravitas          Tloc           #.........   100%        3    ####...
 Tukima's Dance           Hex            #.......     100%        3    ####...
 Petrify                  Tmut/Erth      #.......     100%        4    #####..
 Metabolic Englaciation   Hex/Ice        #.........   100%        5    ######.
 Yara's Violent Unravell  Hex/Tmut       #.........   100%        5    ######.


Dungeon Overview and Level Annotations

Branches:
Dungeon (8/15)             Temple (1/1) D:4            Lair (6/6) D:8
  Swamp: Lair:2-4    Shoals: Lair:2-4     Snake: Lair:2-4    Spider: Lair:2-4
  Slime: Lair:5-6

Altars:
Ashenzari
Cheibriados
Dithmenos
Elyvilon
Fedhas
Gozag
Hepliaklqana
Kikubaaqudgha
Makhleb
Nemelex Xobeh
Okawaru
Qazlal
Ru
Sif Muna
Trog
Uskayaw
Vehumet
Wu Jian
Xom
Yredelemnul
Zin
The Shining One

Shops:
D:4 *   D:5 (=*


Innate Abilities, Weirdness & Mutations

You reflexively headbutt those who attack you in melee.
You have a pair of horns on your head.
You are clumsy. (Dex -2)
You are resistant to hostile enchantments. (MR+)
You are covered in fur. (AC +1)
Your spells are a little harder to cast, but a little more powerful.


Message History

You headbutt the komodo dragon, but do no damage.
The komodo dragon becomes distracted by the nearby gold, dreaming of imaginary riches.
The komodo dragon hisses angrily.
You hit the komodo dragon.
Lightning courses through the komodo dragon!
The komodo dragon is no longer distracted by gold.
You headbutt the komodo dragon, but do no damage.
The komodo dragon bites you but does no damage.
You puncture the komodo dragon! The komodo dragon bites you!
* * * LOW HITPOINT WARNING * * *
Okay, then.
Okay, then.
Aim: a komodo dragon (severely wounded, chance to defeat MR: 45%)
The komodo dragon resists with some effort.
You block the komodo dragon's attack.
Aim: a komodo dragon (severely wounded, chance to defeat MR: 45%)
The komodo dragon resists with some effort.
The now-empty wand crumbles to dust.
The komodo dragon bites you!!
You die...
Your body crumbles into a pile of gold.

#..........#
#.........#
#........#
#.......#
#<..%#
#....##
#...$.###
##P#...l###
####..#@.#
#.P#$..#
####....#
#...P.#
#.....P.
##.......
#[.....
##....


You could see a komodo dragon.

Vanquished Creatures
  Harold (D:8)
  An elephant (Lair:6)
  A black mamba (Lair:6)
  A komodo dragon (Lair:6)
  Eustachio (D:5)
  A water moccasin (Lair:6)
  2 black bears
  3 orc warriors
  A necrophage (D:7)
  2 phantoms (D:5)
  2 sky beasts
  4 ogres
  3 bullfrogs
  3 scorpions (D:8)
  2 howler monkeys
  2 crimson imps
  5 hounds
  2 orc priests
  A jelly (D:4)
  Jessica (D:3)
  Natasha (twice) (D:2)
  2 iguanas
  8 orc wizards
  2 worker ants
  A hound zombie (D:6)
  A hound skeleton (D:7)
  A worker ant zombie (D:5)
  Robin (D:3)
  12 adders
  8 gnolls
  3 shadow imps
  2 oozes
  3 adder skeletons
  4 worms
  2 dart slugs
  5 leopard geckos
  22 orcs
  A giant cockroach (D:5)
  18 goblins
  5 hobgoblins
  12 jackals
  3 quokkas
  13 bats
  3 frilled lizards
  3 kobolds
  A quokka skeleton (D:4)
  7 rats
184 creatures vanquished.

Vanquished Creatures (others)
  A fungus (D:8)
  A plant (Lair:4)
2 creatures vanquished.

Grand Total: 186 creatures vanquished

Notes
Turn   | Place    | Note
-------+----------+-------------------------------------------
     0 | D:1      | CoolPlay the Minotaur Fighter began the quest for the Orb.
     0 | D:1      | Reached XP level 1. HP: 19/19 MP: 0/0
   102 | D:1      | You fall into a shaft and drop 1 floor!
   205 | D:1      | Reached XP level 2. HP: 26/27 MP: 1/1
   755 | D:2      | Reached XP level 3. HP: 16/34 MP: 2/2
   758 | D:2      | Reached XP level 4. HP: 14/41 MP: 3/3
  1180 | D:2      | Noticed Natasha
  1186 | D:2      | Killed Natasha
  1226 | D:2      | Reached skill level 5 in Fighting
  1226 | D:2      | Reached skill level 5 in Shields
  1226 | D:2      | Reached XP level 5. HP: 46/48 MP: 4/4
  1336 | D:2      | Noticed Natasha
  1351 | D:2      | Killed Natasha
  2076 | D:3      | Noticed Robin
  2257 | D:3      | Killed Robin
  2341 | D:3      | Reached XP level 6. HP: 56/56 MP: 5/5
  2372 | D:3      | Noticed Jessica
  2392 | D:3      | Killed Jessica
  3267 | D:4      | Found Pintel Xarr's General Store.
  3276 | D:4      | Bought a scroll of teleportation for 33 gold pieces
  3276 | D:4      | Bought a potion of lignification for 33 gold pieces
  3276 | D:4      | Bought a potion of might for 44 gold pieces
  3276 | D:4      | Bought a scroll of fog for 22 gold pieces
  3402 | D:4      | Found a staircase to the Ecumenical Temple.
  3465 | D:4      | Reached skill level 5 in Short Blades
  3508 | Temple   | Entered the Ecumenical Temple
  3812 | D:5      | Entered Level 5 of the Dungeon
  3812 | D:5      | Found a sparkling altar of Nemelex Xobeh.
  3828 | D:5      | Found Siraphal's Assorted Antiques.
  3886 | D:5      | Found Myoffev's Jewellery Shop.
  3889 | D:5      | Reached XP level 7. HP: 63/63 MP: 6/6
  4152 | D:5      | Got a crystal battleaxe
  4263 | D:5      | Found Jehul's Weapon Emporium.
  4318 | Temple   | Became a worshipper of Gozag Ym Sagoz the Greedy
  4406 | D:5      | Identified the cursed +1 battleaxe of Profit {flame, -Tele
                  | Str+2 Stlth+} (You found it on level 5 of the Dungeon)
  4450 | D:5      | Reached XP level 8. HP: 67/73 MP: 7/7
  4497 | D:5      | Found a burning altar of Makhleb.
  4565 | D:5      | Reached skill level 1 in Evocations
  4612 | D:5      | Noticed Eustachio
  4621 | D:5      | Killed Eustachio
  5207 | D:6      | Reached skill level 1 in Long Blades
  5377 | D:6      | Noticed Edmund
  5378 | D:6      | Noticed Edmund
  5378 | D:6      | Edmund changed into Edmund the tengu
  5386 | D:6      | Noticed Edmund
  5386 | D:6      | Edmund the tengu changed into Edmund the black bear
  5393 | D:6      | Killed Edmund the black bear
  5445 | D:6      | Reached skill level 1 in Maces & Flails
  6275 | D:7      | Reached XP level 9. HP: 50/81 MP: 10/10
  6561 | D:7      | Found a burning altar of Makhleb.
  6626 | D:8      | Reached skill level 5 in Maces & Flails
  6690 | D:8      | Noticed Harold
  6703 | D:8      | Killed Harold
  6717 | D:8      | Found a staircase to the Lair.
  6722 | Lair:1   | Entered Level 1 of the Lair of Beasts
  6869 | Lair:3   | Noticed an elephant
  6869 | Lair:3   | Noticed an elephant
  6869 | Lair:3   | Noticed an elephant
  6869 | Lair:3   | Noticed an elephant
  6874 | Lair:3   | Noticed a black mamba
  6882 | Lair:4   | Reached skill level 5 in Evocations
  6890 | Lair:4   | Noticed an orb spider
  6890 | Lair:4   | a basilisk changed into an orb spider
  6892 | Lair:4   | Noticed a komodo dragon
  6894 | Lair:5   | Noticed an elephant
  6894 | Lair:5   | Noticed an elephant
  6894 | Lair:5   | Noticed an elephant
  6894 | Lair:5   | Noticed an elephant
  6894 | Lair:5   | Noticed an elephant
  6894 | Lair:5   | Noticed an elephant
  6895 | Lair:5   | Noticed an elephant
  6895 | Lair:5   | Noticed an elephant
  6896 | Lair:5   | Noticed an elephant
  6897 | Lair:5   | Noticed an elephant
  6897 | Lair:5   | Noticed an elephant
  6897 | Lair:5   | Noticed an elephant
  6897 | Lair:5   | Noticed an elephant
  6902 | Lair:6   | Entered Level 6 of the Lair of Beasts
  6902 | Lair:6   | Noticed a black mamba
  6906 | Lair:6   | Gained mutation: You are clumsy. (Dex -2) [potion of
                  | mutation]
  6906 | Lair:6   | Gained mutation: You are covered in fur. (AC +1) [potion of
                  | mutation]
  6906 | Lair:6   | Gained mutation: You are resistant to hostile enchantments.
                  | (MR+) [potion of mutation]
  6906 | Lair:6   | Gained mutation: Your spells are a little harder to cast,
                  | but a little more powerful. [potion of mutation]
  6906 | Lair:6   | Noticed a komodo dragon
  6915 | Lair:6   | Killed an elephant
  6915 | Lair:6   | Reached XP level 10. HP: 40/90 MP: 12/12
  6930 | Lair:6   | Killed a black mamba
  6945 | Lair:6   | Slain by a komodo dragon

Levels and vault maps discovered:
D:1:      roderic_chinese_lattice_arrival, layout_basic
D:2:      layout_basic, corexii_leaking_fountain, uniq_natasha
D:3:      layout_basic, first_ration, uniq_jessica, uniq_robin
D:4:      layout_cave_pods, minmay_temple_entry_enclosed_plants, serial_shops,
          shop, serial_park_tiny_1
D:5:      layout_basic, overflow_temple_1_default, serial_shops,
          nicolae_shop_statue_plus, shop, shop_fountains, basic_altar,
          uniq_eustachio
D:6:      layout_gridville, st_stairs_7, uniq_edmund
D:7:      layout_loops_ring, makhleb_blood_cavern_becter
D:8:      layout_loops_cross, grunt_lair_entry_orc_guard_hut, uniq_erica,
          uniq_harold, uniq_maurice
Temple:   regret_index_temple_sigil_plot
Lair:1:   layout_chaotic_city
Lair:2:   layout_roguey, serial_bayou_shore_a
Lair:3:   layout_regular_city, swamp_mist, spider_nest_entry_webs, st_stairs_8,
          uniq_rupert
Lair:4:   layout_roguey, serial_bayou_pond_a, pond, grunt_megastairs_2,
          infiniplex_staircase_pool_2, serial_bayou_shore_b
Lair:5:   mu_elephants_graveyard, layout_loops_ring, slime_altar_2,
          serial_bayou_shore_b
Lair:6:   cheibrodos_lair_end_hotspot, layout_hall_layers, serial_bayou_lagoon_a

Skill      XL: |  1  2  3  4  5  6  7  8  9 10 |
---------------+-------------------------------+-----
Fighting       | 4 5 6 7 8 9 |  9.1
Shields        | 4 5 6 7 8 9 |  9.1
Short Blades   | 3 4 5 6 8 |  8.7
Evocations     | 3 5 |  5.6
Long Blades    | 2 |  2.1
Maces & Flails | 4 5 |  5.6
Armour         | |  3.6

Action                   |  1- 3 |  4- 6 |  7- 9 | 10-12 || total
-------------------------+-------+-------+-------+-------++-------
Melee: Dagger            |    48 |    88 |       |       ||   136
       Rapier            |    10 |   157 |   223 |    22 ||   412
       Headbutt          |     9 |    48 |    75 |     7 ||   139
       Falchion          |       |       |   129 |       ||   129
Throw: Stone             |       |     7 |     6 |       ||    13
       Dart              |       |       |    11 |       ||    11
Invok: Potion Petition   |       |       |     2 |       ||     2
Evoke: Wand              |       |       |     4 |     2 ||     6
  Use: Potion            |     5 |       |     6 |     3 ||    14
       Scroll            |     3 |     6 |     9 |       ||    18
 Stab: Invisible         |       |       |     1 |     1 ||     2
       Paralysed         |       |       |     1 |       ||     1
  Eat: Chunk             |       |     9 |     3 |       ||    12
       Ration            |       |       |     4 |       ||     4
Armor: Scale mail        |    23 |     3 |       |       ||    26
       Chain mail        |       |    93 |   128 |     3 ||   224
       Skin              |       |       |     3 |       ||     3
Dodge: Dodged            |    15 |    46 |    79 |    15 ||   155
Block: Shield            |    21 |   102 |   181 |    15 ||   319
       Rpst.: Falchion   |       |       |     7 |       ||     7

Table legend:
 A = Non-vault XP
 B = Vault XP
 C = Vault XP percentage of total XP
 D = Non-vault monster count
 E = Vault monster count
 F = Vault count percentage of total count
                 A         B        C        D         E       F
            +---------+---------+-------+---------+---------+-------
      Total |    3984 |    2544 |  39.0 |     159 |      25 |  13.6
            +---------+---------+-------+---------+---------+-------
        D:1 |      28 |       0 |   0.0 |      17 |       0 |   0.0
        D:2 |     215 |      36 |  14.3 |      32 |       1 |   3.0
        D:3 |      77 |      69 |  47.3 |      17 |      12 |  41.4
        D:4 |     371 |       0 |   0.0 |      25 |       0 |   0.0
        D:5 |     975 |     188 |  16.2 |      23 |       1 |   4.2
        D:6 |     426 |     181 |  29.8 |      21 |       2 |   8.7
        D:7 |     383 |     144 |  27.3 |      11 |       2 |  15.4
        D:8 |     467 |    1437 |  75.5 |       8 |       6 |  42.9
     Lair:1 |       3 |       0 |   0.0 |       1 |       0 |   0.0
     Lair:4 |      84 |       0 |   0.0 |       1 |       0 |   0.0
     Lair:6 |     955 |     489 |  33.9 |       3 |       1 |  25.0
            +---------+---------+-------+---------+---------+-------
